 Dungeon Crawl Stone Soup version 0.23.2-33-g5129a83184 (webtiles) character file.

Game seed: 8613673971360355030

457 psyvane the Grave Robber (level 7, 0/60 HPs)
             Began as a Hill Orc Necromancer on July 17, 2019.
             Shot with an arrow by a centaur (10 damage)
             ... on level 6 of the Dungeon.
             The game lasted 00:22:11 (6778 turns).

psyvane the Grave Robber (Hill Orc Necromancer)     Turns: 6778, Time: 00:22:12

Health: 0/60       AC:  2    Str: 11    XL:     7   Next: 6%
Magic:  6/9        EV: 12    Int: 16    God:
Gold:   297        SH:  0    Dex: 12    Spells: 0/9 levels left

rFire    . . .     SeeInvis .   m - +1 dagger (venom)
rCold    . . .     Gourm    .   (no shield)
rNeg     . . .     Faith    .   a - +0 robe
rPois    .         Spirit   .   (no helmet)
rElec    .         Reflect  .   (no cloak)
rCorr    .         Harm     .   (no gloves)
MR       .....                  (no boots)
Stlth    ++........             (no amulet)
HPRegen  1.20/turn              v - ring of stealth
MPRegen  0.11/turn              (no ring)

@: confused, regenerating
A: no striking features
a: no special abilities


You were on level 6 of the Dungeon.
You were near starving.

You visited 1 branch of the dungeon, and saw 6 of its levels.

You collected 297 gold pieces.

Inventory:

Hand Weapons
 f - a +0 short sword of protection
 m - a +1 dagger of venom (weapon)
 n - a +0 dagger of flaming
 t - a +0 quarterstaff of speed
Armour
 a - a +0 robe (worn)
Jewellery
 v - a ring of stealth (left hand)
Scrolls
 b - a scroll of teleportation {unknown}
 d - a scroll of enchant weapon {unknown}
 e - a scroll of identify
 g - a scroll of immolation {unknown}
 i - a scroll of random uselessness {unknown}
 j - a scroll of magic mapping {unknown}
 l - a scroll of noise {unknown}
 r - a scroll of remove curse {unknown}
 u - a scroll of enchant armour {unknown}
Potions
 h - a potion of flight
 o - 2 potions of cancellation
 s - a potion of curing {unknown}
Comestibles
 c - 8 rations


   Skills:
 * Level 4.6 Fighting
 - Level 1.5 Dodging
 - Level 1.5 Stealth
 - Level 1.5 Spellcasting
 - Level 7.1 Necromancy


You couldn't memorise any spells.
You knew the following spells:

 Your Spells              Type           Power        Failure   Level  Hunger
a - Pain                  Necr           ###.         1%          1    ##.....
b - Animate Skeleton      Necr           N/A          1%          1    ##.....
c - Animate Dead          Necr           N/A          12%         4    #####..
d - Regeneration          Chrm/Necr      ##........   16%         3    ####...

Your spell library contained the following spells:

 Spells                   Type           Power        Failure   Level  Hunger
 Vampiric Draining        Necr           ###.......   3%          3    ####...


Dungeon Overview and Level Annotations

Branches:
Dungeon (5/15)
 Temple: D:4-7

Altars:
Elyvilon
Hepliaklqana

Shops:
D:4 }


Message History

The centaur shoots an arrow.
The arrow hits you!!
* * * LOW HITPOINT WARNING * * *
Casting: Regeneration (safe; 16% risk of failure)
Confirm with . or Enter, or press ? or * to list all spells.
Your skin crawls.
You are near starving!
The centaur shoots an arrow.
The arrow misses you.
Casting: Regeneration (safe; 16% risk of failure)
Confirm with . or Enter, or press ? or * to list all spells.
Aiming: Pain (safe; 1% risk of failure)
Press: ? - help, Shift-Dir - straight line, f/p - centaur
Aim: a centaur, wielding a +0 shortbow (moderately wounded, chance to defeat MR: 83%)
The centaur writhes in agony.
The centaur shoots an arrow.
The arrow hits you!
* * * LOW HITPOINT WARNING * * *
It was a potion of ambrosia.
You are confused.
You feel invigorated.
The centaur shoots an arrow.
The arrow hits you.
* * * LOW HITPOINT WARNING * * *
The centaur shoots an arrow.
The arrow hits you!
You die...

# # ##.#.
### ....)#
#.# ......#
#@#
#.....##(#
#.....(c.#
.......####
......#
..(...
.$... .....
##.#


You could see a centaur.

Vanquished Creatures
  Blork the orc (D:4)
  An orc priest (D:4)
  A hound (D:4)
  2 orc wizards (D:3)
  2 worker ants
  6 adders
  2 gnolls (D:1)
  A howler monkey skeleton (D:5)
  2 worms (D:2)
  3 dart slugs
  2 leopard geckos
  14 orcs
  3 ball pythons
  3 giant cockroaches
  7 hobgoblins
  8 jackals
  11 kobolds
  2 quokkas
  8 bats
  5 frilled lizards
  8 goblins
  10 rats
102 creatures vanquished.

Vanquished Creatures (collateral kills)
  An adder (D:4)
  2 oozes (D:1)
  A dart slug (D:3)
  An orc (D:3)
  A goblin (D:3)
  A hobgoblin (D:1)
  A jackal (D:3)
  A frilled lizard (D:2)
  A rat (D:2)
10 creatures vanquished.

Grand Total: 112 creatures vanquished

Notes
Turn   | Place    | Note
-------+----------+-------------------------------------------
     0 | D:1      | psyvane the Hill Orc Necromancer began the quest for the
                  | Orb.
     0 | D:1      | Reached XP level 1. HP: 14/14 MP: 3/3
     2 | D:1      | Learned a level 1 spell: Animate Skeleton
    80 | D:1      | Reached XP level 2. HP: 16/20 MP: 0/4
   428 | D:1      | Reached skill level 5 in Necromancy
   428 | D:1      | Reached XP level 3. HP: 23/26 MP: 1/5
  1303 | D:1      | Reached XP level 4. HP: 32/33 MP: 3/6
  1517 | D:2      | Learned a level 4 spell: Animate Dead
  1519 | D:2      | Found a hazy altar of Hepliaklqana.
  2374 | D:2      | Reached skill level 6 in Necromancy
  2923 | D:2      | Reached XP level 5. HP: 23/38 MP: 1/7
  4523 | D:3      | Reached skill level 7 in Necromancy
  4523 | D:3      | Reached XP level 6. HP: 29/45 MP: 3/8
  4807 | D:3      | Found a white marble altar of Elyvilon.
  5358 | D:4      | Reached skill level 1 in Fighting
  5570 | D:4      | Noticed Blork the orc
  5577 | D:4      | Killed Blork the orc
  5766 | D:4      | Found Cecoack's Gadget Shop.
  6164 | D:4      | Reached XP level 7. HP: 58/60 MP: 5/9
  6600 | D:5      | Entered Level 5 of the Dungeon
  6645 | D:5      | Learned a level 3 spell: Regeneration
  6763 | D:5      | You fall through a shaft!
  6778 | D:6      | Shot with an arrow by a centaur

Skill      XL: |  1  2  3  4  5  6 |
---------------+-------------------+-----
Necromancy     | 5 6 7 |  7.1
Fighting       | 4 |  4.6
Dodging        | |  1.5
Stealth        | |  1.5
Spellcasting   | |  1.5

Action                   |  1- 3 |  4- 6 |  7- 9 || total
-------------------------+-------+-------+-------++-------
Melee: Unarmed           |    28 |    29 |       ||    57
       Short sword       |       |    78 |       ||    78
       Dagger            |       |     9 |    19 ||    28
 Cast: Pain              |    40 |   135 |    10 ||   185
       Animate Skeleton  |     8 |     8 |       ||    16
       Animate Dead      |       |    12 |     2 ||    14
       Regeneration      |       |       |     2 ||     2
  Use: Potion            |       |     2 |     3 ||     5
       Scroll            |       |     3 |       ||     3
 Stab: Sleeping          |       |     3 |     1 ||     4
  Eat: Chunk             |     2 |    15 |     2 ||    19
       Ration            |       |     2 |       ||     2
Armor: Robe              |     6 |    44 |     1 ||    51
Dodge: Dodged            |    24 |   125 |    16 ||   165
